 Dungeon Crawl Stone Soup version 0.31-a0-851-g7ff8af7976 (webtiles) character file.

Game seed: 3668929104787166414

68 Dirtsage the Chopper (level 4, 35/35 HPs)
             Began as a Demonspawn Berserker on Oct 6, 2023.
             Was a Believer of Trog.
             Quit the game on level 2 of the Dungeon.
             The game lasted 00:01:56 (1440 turns).

Dirtsage the Chopper (Demonspawn Berserker)         Turns: 1440, Time: 00:01:57

Health: 35/35      AC:  6    Str: 19    XL:     4   Next: 1%
Magic:  4/4        EV: 10    Int:  8    God:    Trog [**....]
Gold:   92         SH:  4    Dex: 13    Spells: 3/3 levels left

rFire   . . .        a - +0 hand axe
rCold   . . .        (no shield)
rNeg    . . .        g - +0 scale mail
rPois   .            (no helmet)
rElec   .            (no cloak)
rCorr   .            (no gloves)
SInv    .            (no boots)
Will    .....        e - amulet of the acrobat Stlth
                     (no ring)
HPRegen 0.25/turn    (no ring)
MPRegen 0.09/turn

%: acrobat
@: no status effects
A: spiny 1, condensation shield, weakness stinger 1
a: Renounce Religion, Berserk, Trog's Hand


You were on level 2 of the Dungeon.
You worshipped Trog.
Trog was pleased with you.
You visited 1 branch of the dungeon, and saw 2 of its levels.

You collected 92 gold pieces.

Inventory:

Hand Weapons
 a - a +0 hand axe (weapon)
Armour
 b - a +0 animal skin
 g - a +0 scale mail (worn)
Jewellery
 e - an amulet of the acrobat (around neck)
Scrolls
 d - a scroll of teleportation {unknown}
Potions
 c - 2 potions of degeneration {unknown}
 f - a potion of heal wounds {unknown}
 h - a potion of attraction {unknown}


   Skills:
 - Level 3.0 Fighting
 + Level 4.4 Axes
 - Level 1.7 Armour
 - Level 1.7 Dodging


You had 3 spell levels left.
You didn't know any spells.
Your spell library was empty.

Dungeon Overview and Level Annotations

Branches:
Dungeon (2/15)

Altars:


Innate Abilities, Weirdness & Mutations

You are partially covered in sharp spines.
A meltable shield of frost defends you. (SH +4)
You have a small tail.


Message History

You barely miss the worm.
The worm is heavily wounded.
The worm is struck by your spines. The worm barely misses you.
You barely miss the worm.
The worm is heavily wounded.
The worm bites you.
You take 5 damage, and have 24/29 hp.
You hit the worm.
Your tail-slap misses the worm.
The worm is severely wounded.
You hit the worm. You tail-slap the worm.
You kill the worm!
Trog accepts your kill.
No target in view!
A rat comes into view.
Health restored: 29 The rat is struck by your spines.
You kill the rat!
Trog accepts your kill.
No target in view!
No target in view!
A quokka comes into view.
The quokka moves out of view.
The quokka is struck by your spines. The quokka completely misses you.
You closely miss the quokka.
The quokka is almost dead.
The quokka completely misses you.
You closely miss the quokka.
The quokka is almost dead.
The quokka bites you.
You take 1 damage, and have 28/29 hp.
You closely miss the quokka.
Your tail-slap misses the quokka.
You punch the quokka.
You kill the quokka!
Trog accepts your kill.
You have reached level 4!
You feel agile.
Your demonic ancestry asserts itself...
Frost condenses into a shield before you.
Health restored: 35; MP restored: 4 Unknown command.
Are you sure you want to abandon this character and quit the game? (Confirm with "yes".)

.....#.. .#.....# .# #...
.†...... . #..# .#.....#
$ ...# ......## # #.#..#
.###### ##.#.#..# .##..
/.......# .##.# ......†.#
.##.####.##.#. #@#######.
.........##...##.........
###########............#
#..###.#.##### #..# #.#.#
#..# #.#.# #..###.#.#
#......#.# #..#####..


There were no monsters in sight!

Vanquished Creatures
  An adder (D:2)
  2 worms (D:2)
  A dart slug (D:2)
  3 bats (D:1)
  10 endoplasms
  3 goblins
  3 hobgoblins
  2 jackals (D:1)
  5 quokkas
  5 ball pythons
  2 frilled lizards (D:1)
  6 kobolds
  3 rats
46 creatures vanquished.

Notes
Turn   | Place    | Note
-------+----------+-------------------------------------------
     0 | D:1      | Dirtsage the Demonspawn Berserker began the quest for the
                  | Orb.
     0 | D:1      | Reached XP level 1. HP: 18/18 MP: 1/1
   183 | D:1      | Reached skill level 3 in Axes
   193 | D:1      | Found a faded altar of an unknown god.
   257 | D:1      | Gained mutation: You are partially covered in sharp spines.
                  | [demonic ancestry]
   257 | D:1      | Reached XP level 2. HP: 24/24 MP: 2/2
   633 | D:1      | Gained mutation: You have a small tail. [demonic ancestry]
   633 | D:1      | Reached XP level 3. HP: 29/29 MP: 3/3
   638 | D:1      | Reached ** piety under Trog
   957 | D:1      | Reached skill level 4 in Axes
  1440 | D:2      | Gained mutation: A meltable shield of frost defends you.
                  | (SH +4) [demonic ancestry]
  1440 | D:2      | Reached XP level 4. HP: 35/35 MP: 4/4
  1440 | D:2      | Quit the game

Illustrated notes

Levels and vault maps discovered:
D:1:      nicolae_arrival_somewhat_less_tricky_arrival, layout_loops_ring,
          shapermc_ecumenical_altar_ellora, hangedman_decor_points,
          minmay_hexomino_u4
D:2:      layout_loops_ring, serial_shops, shop, lemuel_flame_loot_1

Skill      XL: |  1  2  3 |
---------------+----------+-----
Axes           | 3 4 |  4.4
Fighting       | |  3.0
Armour         | |  1.7
Dodging        | |  1.7

Action                     |  1- 3 |  4- 6 || total
---------------------------+-------+-------++-------
  Melee: Hand axe          |   100 |       ||   100
         Tailslap          |     6 |       ||     6
         Punch             |     1 |       ||     1
 Invoke: Berserk           |     1 |       ||     1
   Stab: Sleeping          |     1 |       ||     1
 Armour: Animal skin       |    12 |       ||    12
         Scale mail        |    21 |       ||    21
  Dodge: Dodged            |    48 |       ||    48

Table legend: (Time is in decaauts)
 A = Elapsed time spent in this place.
 B = Non-inter-level travel time spent in this place.
 C = Inter-level travel time spent in this place.
 D = Time resting spent in this place.
 E = Time spent auto-exploring this place.
 F = Levels seen in this place.
 G = Mean time per level.
                   A        B        C        D        E       F      G
               +--------+--------+--------+--------+--------+-----+--------+
         Total |   1457 |   1322 |    135 |     31 |   1047 |   2 |  728.5 |
       Dungeon |   1457 |   1322 |    135 |     31 |   1047 |   2 |  728.5 |
               +--------+--------+--------+--------+--------+-----+--------+

Top non-repeatable levels by time:
     D:1: 1149 daAuts
     D:2: 307 daAuts
